[Event "31st MPL National U18G Chess-ch 2022"]
[Site "Pollachi"]
[Date "2022.04.19"]
[Round "4.6"]
[White "Udagedara, Sandali Kanishka"]
[Black "Pournami S"]
[Result "1-0"]
[ECO "A21"]
[WhiteElo "1510"]
[BlackElo "1390"]
[Annotator "NA RC"]
[PlyCount "92"]
[EventDate "2022.04.18"]
[EventCountry "IND"]
[SourceTitle "playchess.com"]
[Source "ChessBase"]
[SourceQuality "1"]
[TimeControl "5400+30"]

1. c4 e5 2. Nc3 Nf6 3. g3 Bb4 4. Bg2 Bxc3 5. bxc3 c6 6. Nf3 Qc7 7. d3 d5 8. cxd5 cxd5 9. Qb3 O-O 10. O-O Be6 11. Ng5 Nc6 12. Ba3 Rfe8 13. Nxe6 Rxe6 14. Rab1 b6 15. Qa4 Rae8 16. Bh3 Nd8 17. Bxe6 Nxe6 18. Rbc1 Ng5 19. Qh4 h6 20. c4 d4 21. f4 exf4 22. gxf4 Ne6 23. Rf2 Nc5 24. Rg2 Kh7 25. Rf1 Na4 26. Qg3 Rg8 27. f5 Qd7 28. Qd6 Qxd6 29. Bxd6 Re8 30. Bb4 h5 31. h3 b5 32. Rf3 bxc4 33. dxc4 Rb8 34. a3 Ne4 35. Rd3 Rd8 36. e3 Nec5 37. Bxc5 Nxc5 38. Rxd4 Re8 39. Rd5 Nb3 40. Rd7 Kg8 41. Kf2 a5 42. Kf3 a4 43. Ra7 Nc5 44. Rd2 Ne4 45. Rad7 Ng5+ 46. Ke2 h4 1-0

[Event "31st MPL National U18G Chess-ch 2022"]
[Site "Pollachi"]
[Date "2022.04.19"]
[Round "4.7"]
[White "Khairmode Dhanashree"]
[Black "Arya G Mallar"]
[Result "1-0"]
[ECO "B01"]
[WhiteElo "1438"]
[BlackElo "1234"]
[Annotator "NA RC"]
[PlyCount "109"]
[EventDate "2022.04.18"]
[EventCountry "IND"]
[SourceTitle "playchess.com"]
[Source "ChessBase"]
[SourceQuality "1"]
[TimeControl "5400+30"]

1. e4 d5 2. exd5 Nf6 3. d4 Bg4 4. Bb5+ c6 5. dxc6 Nxc6 6. Nf3 Qb6 7. Bxc6+ Qxc6 8. Be3 e6 9. Nbd2 Bd6 10. c3 O-O 11. Qb3 b5 12. O-O Ne4 13. Nxe4 Qxe4 14. Nd2 Qc6 15. f3 Bf5 16. Rfc1 Rfc8 17. Qd1 Qd5 18. Nf1 Bg6 19. Qd2 e5 20. dxe5 Qxe5 21. Rd1 Rd8 22. Bd4 Bc5 23. Qf2 Bxd4 24. cxd4 Qd6 25. Rd2 Rac8 26. Rad1 f6 27. Qe3 Kh8 28. Ng3 Qd5 29. Qa3 Rd7 30. Ne2 Qc4 31. Rc1 Qg8 32. Rxc8 Qxc8 33. Qc3 Qd8 34. Qc5 a6 35. d5 Bf7 36. d6 Bxa2 37. Nc3 Bc4 38. Ne4 h6 39. Qd4 Qe8 40. h3 f5 41. Nc5 Rd8 42. d7 Qe1+ 43. Kh2 Be6 44. Rd1 Qe2 45. Qd6 Bxd7 46. Nxd7 Qxb2 47. Re1 Rc8 48. Qxa6 Rd8 49. Ne5 Qc3 50. Qe6 Qc7 51. Kh1 Rb8 52. Nf7+ Kh7 53. Qxf5+ g6 54. Qf6 Rc8 55. Ng5+ 1-0

[Event "31st MPL National U18G Chess-ch 2022"]
[Site "Pollachi"]
[Date "2022.04.20"]
[Round "5.1"]
[White "Anupam M Sreekumar"]
[Black "Bhagyashree Patil"]
[Result "0-1"]
[ECO "C50"]
[WhiteElo "1724"]
[BlackElo "1974"]
[Annotator "TA"]
[PlyCount "110"]
[EventDate "2022.04.18"]
[EventCountry "IND"]
[SourceTitle "playchess.com"]
[Source "ChessBase"]
[SourceQuality "1"]
[TimeControl "5400+30"]

1. e4 e5 2. Nf3 Nc6 3. Bc4 Be7 4. d3 d6 5. h3 Nf6 6. a4 {[%emt 0:00:45] C50: Hungarian Defence and Giuoco Pianissimo.} Be6 7. Nc3 O-O 8. O-O {[%emt 0:00:25] The position is equal.} Qd7 9. Be3 h6 10. Qe2 {[%emt 0:01:20] [#]} Kh8 $146 ({Predecessor:} 10... d5 11. exd5 Nxd5 12. Bb5 Nxc3 13. bxc3 Bf6 14. d4 exd4 15. cxd4 a6 16. Bc4 Na5 17. Bxe6 Qxe6 {0-1 (79) Barua,D (2490)-Ganguly,S (2614) New Delhi 2009}) 11. d4 {[%emt 0:02:44] [#] Strongly threatening d5.} exd4 (11... Bxh3 $1 $11 12. gxh3 Qxh3) 12. Nxd4 $14 Rae8 13. Rad1 Bd8 14. Bb5 Nxd4 15. Rxd4 (15. Bxd4 $14 c6 16. Bd3) 15... c6 $15 16. Bc4 Bb6 17. Rd2 Bxc4 18. Qxc4 Bxe3 19. fxe3 Re6 20. Rfd1 (20. Qd4 $15) 20... Rfe8 21. Qb4 Nxe4 22. Nxe4 Rxe4 23. Rxd6 Qe7 $17 ({Much weaker is} 23... Rxb4 $6 24. Rxd7 Rxb2 25. Rxf7 $11) 24. Qd2 Rxe3 25. Rd7 Qe4 {[%emt 0:02:01] [#] ...Re2 is the strong threat.} 26. Qd4 Qxd4 (26... Qg6 {with more complications.} 27. Rxb7 Rxh3 28. Rxf7 Qxf7 29. gxh3 Qg6+) 27. R1xd4 R8e7 28. Rxe7 Rxe7 $15 {[%emt 0:00:02][%mdl 4096] Endgame KR-KR} 29. Kf2 g6 30. Kf3 Kg7 31. Rd6 Rc7 32. g4 Kf8 33. Rd8+ Ke7 34. Rd4 (34. Rb8 $15) 34... f6 {[%emt 0:00:40] White is on the road to losing.} 35. Kf4 ({Better is} 35. a5 $15) 35... Rd7 $17 36. Re4+ Kf7 37. b3 Rd2 38. Rb4 b6 39. a5 (39. Rc4 $17) 39... b5 $19 ({Inferior is} 39... bxa5 40. Rc4 $15) ({Not} 39... Rxc2 $2 40. axb6 axb6 41. Rxb6 $19) 40. c4 a6 41. cxb5 cxb5 42. h4 Ra2 43. Rd4 Rxa5 44. g5 $2 (44. Ke4 Ke7 45. Rd1) 44... hxg5+ {[%emt 0:00:41] Black is clearly winning.} 45. hxg5 fxg5+ 46. Kxg5 b4+ 47. Kf4 Rf5+ 48. Ke4 a5 49. Rd7+ Kf6 50. Ra7 Kg5 51. Ra6 Rb5 52. Ra8 Kg4 53. Ke3 g5 54. Rc8 Rf5 55. Ke2 Kg3 {[%emt 0:00:25] Weighted Error Value: White=0.53/Black=0.11 (very precise)} 0-1

[Event "31st MPL National U18G Chess-ch 2022"]
[Site "Pollachi"]
[Date "2022.04.20"]
[Round "5.3"]
[White "Khairmode Dhanashree"]
[Black "Udagedara, Sandali Kanishka"]
[Result "0-1"]
[ECO "B13"]
[WhiteElo "1438"]
[BlackElo "1510"]
[Annotator "NA RC COMBH"]
[PlyCount "89"]
[EventDate "2022.04.18"]
[EventCountry "IND"]
[SourceTitle "playchess.com"]
[Source "ChessBase"]
[SourceQuality "1"]
[TimeControl "5400+30"]

1. e4 c6 2. d4 d5 3. exd5 cxd5 4. c4 Nf6 5. Nc3 Nc6 6. Bg5 Be6 7. Nf3 Qa5 8. c5 Bg4 9. Bxf6 gxf6 10. Be2 e6 11. a3 a6 12. O-O Rg8 13. Re1 Be7 14. b4 Qc7 15. Qd2 Kd7 16. Na4 Rad8 17. Nb6+ Ke8 18. Kh1 f5 19. h3 Bxf3 20. Bxf3 Bg5 21. Qc3 Kf8 22. g3 Bf6 23. Rad1 h5 24. Bxh5 Rh8 25. Bf3 Rxh3+ 26. Kg2 Rh7 27. a4 Kg7 28. b5 axb5 29. axb5 Ne7 30. Rh1 Rxh1 31. Rxh1 f4 32. g4 Ng6 33. Bd1 Nh4+ 34. Kf1 Bg5 35. f3 e5 36. dxe5 d4 37. Qc4 Qxe5 38. Rh2 d3 39. Rd2 Qe3 40. Qb4 Re8 41. Rf2 Bf6 42. Rd2 Bg5 43. Qc4 Bf6 44. Rf2 Bg5 45. Nd5 0-1

[Event "31st MPL National U18G Chess-ch 2022"]
[Site "Pollachi"]
[Date "2022.04.20"]
[Round "5.4"]
[White "Jyothsna L"]
[Black "Azal Nasir"]
[Result "1/2-1/2"]
[ECO "E61"]
[WhiteElo "2052"]
[BlackElo "1459"]
[Annotator "TA"]
[PlyCount "38"]
[EventDate "2022.04.18"]
[EventCountry "IND"]
[SourceTitle "playchess.com"]
[Source "ChessBase"]
[SourceQuality "1"]
[TimeControl "5400+30"]

1. d4 Nf6 2. Nf3 g6 3. c4 Bg7 4. Nc3 d6 5. Bg5 h6 6. Bd2 {[%emt 0:04:10] E61: King's Indian: Early deviations for White, including Smyslov System.} O-O 7. Qc1 Kh7 {[%emt 0:02:34] [#]} 8. e4 $146 ({Predecessor:} 8. h4 Nh5 9. e4 e5 10. d5 a5 11. Bd3 Na6 12. Bc2 Nc5 13. Be3 b6 14. Qd2 {0-1 (40) Mamedyarov,S (2782)-Rapport,R (2763) Saint Louis 2021}) 8... e5 9. d5 Nbd7 10. Qc2 Qe7 11. g3 Nh5 12. Bg2 f5 {[%emt 0:01:11] [#]} ({Better is} 12... a5 $14) 13. exf5 $1 $16 gxf5 14. O-O (14. Nh4 {is more complex.} Nc5 15. O-O a5 16. Nb5) 14... Kh8 15. Kh1 {[%emt 0:00:10] &Bianco is more active.} Kh7 (15... a5 $16 {was worth a try.}) 16. Kg1 Kh8 $1 17. Kh1 (17. Nh4 $16 {And now Ng6+ would win.} Qf7 18. Qc1) 17... Kh7 $18 18. Kg1 Kh8 $1 19. Kh1 Kh7 $1 {[%emt 1:06:57] Weighted Error Value: White=0.50/Black=0.15 (very precise)} 1/2-1/2

[Event "31st MPL National U18G Chess-ch 2022"]
[Site "Pollachi"]
[Date "2022.04.20"]
[Round "5.5"]
[White "Kheerthi Ganta"]
[Black "Saniya Rafique Tadavi"]
[Result "0-1"]
[ECO "D02"]
[WhiteElo "2011"]
[BlackElo "1298"]
[Annotator "TA"]
[PlyCount "151"]
[EventDate "2022.04.18"]
[EventCountry "IND"]
[SourceTitle "playchess.com"]
[Source "ChessBase"]
[SourceQuality "1"]
[TimeControl "5400+30"]

1. d4 Nf6 2. Nf3 g6 3. g3 Bg7 4. Bg2 O-O 5. O-O d5 6. b3 b5 {[%emt 0:00:42][%cal Oc7c5] D02: 1 d4 d5 2 Nf3 sidelines, including 2...Nf6 3 g3 and 2...Nf6 3 Bf4.} 7. Bb2 {[%emt 0:01:58] [#]} (7. c4 $5) 7... a5 $146 ({Predecessor:} 7... c6 8. Nbd2 Nbd7 9. Re1 Rb8 10. c3 c5 11. a4 bxa4 12. Rxa4 Qc7 13. Qa1 a6 14. Rc1 {1-0 (23) Hartung Nielsen,J (2224)-Pedersen,K (2305) Denmark 2000}) 8. Nbd2 Bb7 {[%emt 0:00:30] The position is equal.} 9. Ne5 Nbd7 10. c4 c6 11. Nd3 Qb6 12. Qc2 Rfe8 13. Rac1 bxc4 14. bxc4 Ba6 15. Rb1 Rac8 16. Bc3 Qa7 17. Qa4 dxc4 $1 18. Nxc4 Nd5 19. Qxa5 (19. Bb2 {keeps more tension.} Bb5 20. Qc2 Nb4 21. Nxb4 axb4 22. Bh3) 19... Nxc3 20. Qxc3 Qxd4 (20... Bxd4 $11 21. Qc2 Bb5) 21. Qxd4 $14 Bxd4 {[%emt 0:00:05] This bishop pair is nice.} 22. Rfc1 Bb5 23. Na5 Nb8 (23... Bxd3 $14 24. exd3 c5) 24. Nb4 (24. a4 $16 Bxd3 25. exd3) 24... c5 25. Nd3 Ba6 26. Bb7 Bxd3 27. exd3 Rc7 28. Bf3 (28. a4 $16) 28... Ra7 $11 29. Rb5 Nd7 30. Nb3 (30. a4 {seems wilder.} Ne5 31. Be4 Kg7 32. Nc6) 30... Bb2 (30... Rxa2 $5 31. Nxd4 cxd4 $15) 31. Rc2 Ba3 32. Be4 Rd8 33. f4 Kg7 34. Na5 Re8 (34... Rb8 $11 35. Rxb8 Nxb8) 35. Nc6 $1 $14 Ra4 36. Rb7 Nf6 37. Bf3 ({Don't play} 37. Nxe7 c4 38. Nd5 Bc5+ 39. Kf1 cxd3 $1 40. Bxd3 Nxd5 $11) 37... Kf8 38. Ne5 {[%emt 0:00:48] Threatens to win with Bc6.} Rd8 39. Kf2 Bb4 40. Rc7 (40. Bc6 $5 Ra3 41. Re2 $14) 40... Ra3 41. Ke2 h5 42. h3 Rd4 43. Rc8+ Kg7 44. Ra8 h4 $2 (44... Rxa8 $11 45. Bxa8 Rd6) 45. Rxa3 $16 Bxa3 {[%emt 0:00:00] [#]} 46. Rc3 $2 ({Only move:} 46. Nc4 $1 $16 ) 46... Bb4 $11 47. Rb3 ({White should try} 47. Rc4 $11) 47... hxg3 $15 48. a3 Ba5 {[%emt 0:00:00] Hoping for ...Bc7.} ({Don't do} 48... Rxf4 49. axb4 Rxb4 50. Rc3 $14) 49. Nc4 $2 {[%emt 0:02:49] White does not recover from this.} ({White should play} 49. Rb5 $15 Ra4 50. Nc4) 49... Bc7 $19 50. Rb7 Bxf4 51. Rxe7 Nd5 52. Bxd5 Rxd5 {[%emt 0:00:00][%mdl 4096] Endgame KRB-KRN} 53. Ne3 Rd8 {[%emt 0:00:00] And now ...Bg5 would win.} ({Weaker is} 53... Bxe3 54. Rxe3 g2 55. Rg3 $17) 54. Ng2 Bd6 55. Rb7 Ra8 56. Rb3 g5 57. Kf3 Ra4 58. Ne3 {[%emt 0:03:25] aiming for Nf5+.} Rf4+ 59. Ke2 $2 (59. Kg2) 59... Rf2+ 60. Ke1 Bf4 (60... Be5 $142 {( -> ...Bd4)} 61. Nf1 Rf3 62. Nxg3 Rxg3) 61. d4 $2 (61. Nc4) 61... cxd4 62. Nf5+ Kg6 63. Nxg3 Rh2 64. Nf1 Ra2 65. Ng3 Be3 66. Nf1 Bc1 67. Rb6+ f6 68. Rd6 Bb2 69. Ng3 (69. a4 $142) 69... Rxa3 70. Ne2 Rxh3 71. Kd2 Bc3+ 72. Kc2 Re3 73. Nxd4 Bxd4 74. Rxd4 f5 75. Kd2 Re4 (75... f4 $142 76. Ra4 Kf5 77. Ra5+ Re5) 76. Kd3 {[%emt 0:23:47] Weighted Error Value: White=0.38/Black=0.29 (precise)} 0-1

[Event "31st MPL National U18G Chess-ch 2022"]
[Site "Pollachi"]
[Date "2022.04.20"]
[Round "5.6"]
[White "Keerthana B"]
[Black "Rindhiya V"]
[Result "0-1"]
[ECO "C89"]
[WhiteElo "1311"]
[BlackElo "1949"]
[Annotator "TA"]
[PlyCount "54"]
[EventDate "2022.04.18"]
[EventCountry "IND"]
[SourceTitle "playchess.com"]
[Source "ChessBase"]
[SourceQuality "1"]
[TimeControl "5400+30"]

1. e4 e5 2. Nf3 Nc6 3. Bb5 a6 4. Ba4 Nf6 5. O-O Be7 6. Re1 b5 7. Bb3 O-O 8. c3 d5 9. exd5 Nxd5 10. d4 exd4 11. cxd4 {[%emt 0:00:05] C89: Closed Ruy Lopez: Marshall Attack.} Be6 (11... Bg4) 12. Nc3 {[%emt 0:06:32] [#]} Qd7 $146 ({Predecessor:} 12... Re8 13. h3 Na5 14. Bc2 Nxc3 15. bxc3 Nc4 16. a4 c6 17. Bf4 g6 18. Ne5 Nxe5 19. Bxe5 {0-1 (48) Jansa,V (2409)-Zilka,S (2524) Czech Republic 2017}) 13. Bd2 {[%emt 0:14:21] The position is equal.} Rfe8 14. h3 Rad8 15. Ne4 (15. Bg5 {keeps more tension.} Nxc3 16. bxc3 Bxg5 17. Nxg5 Bd5 18. Qd3) 15... Nf6 16. Bxe6 Qxe6 17. Nxf6+ Qxf6 18. Be3 Qd6 19. Qd2 Bf6 20. Red1 Re4 21. Qc2 Qd5 22. Nd2 Re6 23. Nb3 (23. Nf3) (23. Nf3 $11) 23... Bg5 {[%emt 0:02:12] &Nero is more active.} 24. Nc5 Rg6 25. f4 ({Better is} 25. Qe4 $15) 25... Bf6 (25... Bh4 $17 {...Re8 is the strong threat.} 26. Qe4 Qxe4 27. Nxe4 Re6) 26. Nb3 $2 ({White should try} 26. f5 $1 $15 Rg3 27. Bf4 (27. Qf2 $2 Rxe3 28. Qxe3 Bxd4 $19) 27... Nxd4 28. Qe4) 26... Re8 27. Qf2 $2 {[%emt 0:00:24] [#]} (27. Re1 Nb4 28. Qd2) 27... Rxe3 $1 {[%emt 0:00:19][%mdl 512] Weighted Error Value: White=0.74/Black=0.14 (very precise)} 0-1

[Event "31st MPL National U18G Chess-ch 2022"]
[Site "Pollachi"]
[Date "2022.04.20"]
[Round "5.7"]
[White "Sachi Jain"]
[Black "Jayashri M"]
[Result "1-0"]
[ECO "B18"]
[WhiteElo "1401"]
[BlackElo "1165"]
[Annotator "NA RC COMBH"]
[PlyCount "135"]
[EventDate "2022.04.18"]
[EventCountry "IND"]
[SourceTitle "playchess.com"]
[Source "ChessBase"]
[SourceQuality "1"]
[TimeControl "5400+30"]

1. e4 c6 2. d4 d5 3. Nc3 dxe4 4. Nxe4 Bf5 5. Ng3 Bg6 6. Bc4 e6 7. N1e2 Bd6 8. O-O Qc7 9. c3 Nf6 10. f4 O-O 11. Qe1 Nbd7 12. Kh1 b5 13. Bb3 Rfe8 14. Bd2 c5 15. Rc1 c4 16. Bc2 Bd3 17. Bxd3 cxd3 18. Ng1 Nd5 19. Qe4 N7f6 20. Qxd3 Nxf4 21. Qf3 Ng6 22. N1e2 e5 23. Bg5 e4 24. Qf5 Bxg3 25. Nxg3 Qd7 26. Bxf6 Qxf5 27. Rxf5 gxf6 28. Rxf6 Kg7 29. Rf5 Re6 30. Rxb5 Nf4 31. Nh5+ Nxh5 32. Rxh5 e3 33. Re1 Rae8 34. Re5 Rxe5 35. dxe5 Rxe5 36. Re2 Rd5 37. h3 Rd2 38. Rxe3 Rxb2 39. a4 Ra2 40. Re4 Ra3 41. Rc4 h5 42. Kg1 Kg6 43. Kf2 f5 44. g3 Kf6 45. Ke3 Ra1 46. Rc6+ Kg5 47. Ra6 Rh1 48. Rxa7 Rxh3 49. Kf3 h4 50. Rg7+ Kf6 51. Kg2 Rxg3+ 52. Rxg3 hxg3 53. Kxg3 Ke6 54. Kf4 Kd6 55. c4 Kc6 56. Kxf5 Kb6 57. Ke5 Kc5 58. a5 Kc6 59. Kd4 Kb7 60. Kc5 Ka6 61. Kd6 Ka7 62. c5 Kb7 63. c6+ Kc8 64. c7 Kb7 65. Kd7 Ka7 66. Kc6 Ka6 67. c8=Q+ Ka7 68. Qb7# 1-0

[Event "31st MPL National U18G Chess-ch 2022"]
[Site "Pollachi"]
[Date "2022.04.20"]
[Round "6.1"]
[White "Bhagyashree Patil"]
[Black "Keerti Shree Reddy"]
[Result "1-0"]
[ECO "B34"]
[WhiteElo "1974"]
[BlackElo "1721"]
[Annotator "TA"]
[PlyCount "127"]
[EventDate "2022.04.18"]
[EventCountry "IND"]
[SourceTitle "playchess.com"]
[Source "ChessBase"]
[SourceQuality "1"]
[TimeControl "5400+30"]

1. e4 c5 2. Nf3 g6 3. d4 cxd4 4. Nxd4 Bg7 5. Nc3 Nc6 6. Be3 Nf6 7. Be2 O-O 8. O-O d5 9. exd5 Nxd5 10. Nxd5 Qxd5 11. Bf3 Qa5 12. Nxc6 bxc6 13. c3 Rb8 (13... Rd8 $5 14. b4 Rxd1 15. bxa5 Rxa1 16. Rxa1 Bxc3 $11) 14. Qc1 {[%emt 0:07:41] B34: Sicilian: Accelerated Dragon with 5 Nc3: sidelines.} Qc7 15. Rd1 {[%emt 0:08:24] [#]} f5 $146 (15... Be5 $11) ({Predecessor:} 15... a5 16. b3 h5 17. h3 Be6 18. Bc5 Be5 19. Qe3 Bh2+ 20. Kh1 Bf4 21. Qe2 Rfc8 22. Re1 Rd8 23. Be4 Kg7 24. Rad1 Bd6 25. Rxd6 Rxd6 26. Qe3 {1-0 (27) Lockett,J (1830)-Ovcinkins,A (1574) ICCF email 2020}) 16. Bc5 {[%emt 0:02:19] White is better.} Be6 17. Re1 Be5 18. Rxe5 Qxe5 $11 19. Bxa7 {[%emt 0:00:20] This bishop pair is nice.} Ra8 20. Bd4 Qd6 21. a4 (21. Qh6 Rf7 22. a4 Bd5 $15) 21... Bb3 22. a5 (22. Qh6 $2 e5 23. Bb6 e4 $19) 22... e5 23. Bb6 e4 24. Bd1 Bc4 (24... Bxd1 $11 25. Qxd1 Qxd1+ 26. Rxd1 Rfe8) 25. b3 {[%emt 0:01:27][%mdl 1024] White has compensation.} Ba6 26. b4 Qe6 {[%emt 0:02:38] Inhibits Bb3.} 27. Rb1 (27. Qf4 $16) 27... Bc4 (27... f4 $14) 28. Qf4 $16 Rab8 (28... Rf7 $142) 29. h4 Qd5 30. h5 Rb7 31. Qh6 Qd3 32. Rc1 Rg7 $2 (32... Qf1+ $2 33. Kh2) (32... f4 {is tougher.}) 33. Bd4 $18 Rff7 34. Ba4 gxh5 35. Rd1 $2 (35. Bxg7 $18 {is the precise move to win.} Rxg7 36. Qxh5 (36. Qxc6 Rxg2+ 37. Kxg2 Qf3+ 38. Kh2 Qf4+ 39. Kh3 Qf3+ 40. Kh2 Qf4+ 41. Kh3 Qf3+ 42. Kh2 $11)) 35... Rg6 $16 36. Qxh5 {[%emt 0:01:03] Really sharp!} Qe2 37. Qxe2 Bxe2 38. a6 $2 (38. Rd2 $1 $16 {[%cal Rd2e2] is necessary to keep the advantage.} Bf3 39. Be5) 38... Bxd1 ({But not} 38... Bxa6 39. Bb3 Bc8 40. Bxf7+ Kxf7 41. Ra1 $14) (38... c5 $1 $19 39. a7 Ra6 40. Bxc5 Bxd1 41. Bxd1 Raxa7) 39. Bxd1 $11 {[%emt 0:00:01] And now a7 would win.} c5 40. Bxc5 (40. b5 $1 $11 {and White is okay.} Rb6 41. Bb3 (41. Bxc5 $2 Rxb5 42. a7 Rxa7 $19) 41... Rxb5 42. Bxf7+ Kxf7 43. a7) 40... Rxa6 $19 {[%emt 0:00:48] ...Ra1 is the strong threat.} 41. Bb3 Ra3 42. Bxf7+ Kxf7 {[%emt 0:00:01][%mdl 4096] Endgame KR-KB} 43. Bd4 Ke6 (43... Ra1+ $19 {has better winning chances.} 44. Kh2 f4) 44. g3 $17 Rb3 45. Kg2 Kd5 ({Better is} 45... Rb1 $17 {Hoping for ...Kd5.} 46. Kh3 Rh1+ 47. Kg2 Rc1) 46. Kh3 $1 $11 Rb2 47. Kh4 Ke6 48. Kg5 Rb1 49. Kh6 {[%emt 0:00:19] [#]} (49. Be3 $11) 49... Rh1+ $1 $17 50. Kg5 {[%emt 0:00:18] [#]} Rb1 (50... h6+ $1 $17 51. Kg6 h5) 51. Kh6 $11 f4 52. gxf4 Kf5 $2 (52... Rh1+ $11 {and Black has nothing to worry.} 53. Kg5 Rg1+ 54. Kh6 Rh1+ 55. Kg5 Rg1+ 56. Kh6 Rh1+) 53. Kxh7 $18 Kxf4 $2 (53... Rg1 54. Be3 Kf6) 54. Kg6 {[%emt 0:00:40] Threatens to win with Kf6.} Rb2 55. Kf6 {[%emt 0:01:06] Ke6 would kill now.} Rb1 56. Ke6 {[%emt 0:00:06] White wants to mate with c4.} Kf3 57. Ke5 {[%emt 0:00:41] aiming for c4.} Rb3 58. Kd5 Rb2 59. Be3 $2 (59. c4 Rxb4 60. c5) 59... Rc2 (59... Rb3 $18 60. c4 Rxe3 61. fxe3 Kxe3) 60. c4 {[%emt 0:00:25][%cal Bc3c4,Bc4c5][%mdl 32] White mates.} Rc3 61. b5 Ra3 62. b6 Ra8 63. b7 Rh8 64. c5 {[%emt 0:00:39] Weighted Error Value: White=0.42/Black=0.56} 1-0

[Event "31st MPL National U18G Chess-ch 2022"]
[Site "Pollachi"]
[Date "2022.04.20"]
[Round "6.2"]
[White "Udagedara, Sandali Kanishka"]
[Black "Sachi Jain"]
[Result "1-0"]
[ECO "A22"]
[WhiteElo "1510"]
[BlackElo "1401"]
[Annotator "NA RC COMBH"]
[PlyCount "127"]
[EventDate "2022.04.18"]
[EventCountry "IND"]
[SourceTitle "playchess.com"]
[Source "ChessBase"]
[SourceQuality "1"]
[TimeControl "5400+30"]

1. c4 d6 2. Nc3 Nd7 3. g3 e5 4. Bg2 Ngf6 5. e4 a6 6. Nge2 b5 7. d3 c6 8. b3 Be7 9. O-O O-O 10. h3 Qb6 11. Be3 c5 12. f4 b4 13. Na4 Qd8 14. Qd2 h6 15. g4 Nh7 16. Ng3 exf4 17. Bxf4 Ne5 18. Rad1 Bf6 19. Nh5 Bg5 20. d4 Bxf4 21. Nxf4 cxd4 22. Qxd4 Bb7 23. Qxd6 Qxd6 24. Rxd6 Nf6 25. Nc5 Bc6 26. Ne2 Rfd8 27. Rfd1 Rxd6 28. Rxd6 Ne8 29. Rd2 a5 30. Nd4 Rd8 31. Kf2 Nf6 32. Ke3 Ba8 33. Nf5 Rxd2 34. Kxd2 Kf8 35. Ke3 h5 36. g5 Ng8 37. h4 Ne7 38. Nxe7 Kxe7 39. Kf4 Ng6+ 40. Kg3 Ne5 41. Na4 Nd3 42. Bf3 Nc1 43. Kf4 g6 44. Ke3 Nxa2 45. Kd4 Bc6 46. Nb6 Nc3 47. Nd5+ Nxd5 48. exd5 a4 49. bxa4 Bxa4 50. c5 Bb3 51. Be2 Ba2 52. Bb5 Bb1 53. d6+ Ke6 54. Bc4+ Kd7 55. Kd5 Bf5 56. c6+ Ke8 57. Kc5 Be4 58. Bb5 Kd8 59. c7+ Kc8 60. Ba6+ Bb7 61. Bxb7+ Kxb7 62. Kxb4 Kc8 63. Kc5 Kd7 64. Kd5 1-0

[Event "31st MPL National U18G Chess-ch 2022"]
[Site "Pollachi"]
[Date "2022.04.20"]
[Round "6.3"]
[White "Rindhiya V"]
[Black "Vakcheri Mohitha"]
[Result "1-0"]
[ECO "C14"]
[WhiteElo "1949"]
[BlackElo "1459"]
[Annotator "TA"]
[PlyCount "115"]
[EventDate "2022.04.18"]
[EventCountry "IND"]
[SourceTitle "playchess.com"]
[Source "ChessBase"]
[SourceQuality "1"]
[TimeControl "5400+30"]

1. e4 e6 2. d4 d5 3. Nc3 Nf6 4. Bg5 Be7 5. e5 Nfd7 6. Bxe7 Qxe7 7. f4 a6 8. Nf3 c5 9. dxc5 Qxc5 10. Qd2 {[%emt 0:01:45] C14: French: Classical System: 4 Bg5 Be7 main line.} b5 11. Bd3 Nb6 12. Qf2 {[%emt 0:07:52] White is slightly better.} Qxf2+ 13. Kxf2 Nc6 14. a3 Bd7 {[%emt 0:00:00] [#]} 15. g4 $146 ({Predecessor:} 15. Rhe1 Ke7 16. Ne2 Na4 17. b3 Nc5 18. Ned4 h5 19. h4 f5 20. exf6+ gxf6 21. Nxc6+ Bxc6 {½-½ (32) Minyeyevtsev,S (2204)-Hammes,M (2368) Belgium 2012}) 15... Ke7 16. h4 Rac8 (16... h5 $5 ) 17. Ne2 Na4 18. b3 Nc5 19. Ke3 Nxd3 20. cxd3 b4 21. Ned4 bxa3 22. Nxc6+ $1 Rxc6 23. Rxa3 Rc3 (23... h5 $14) 24. Nd4 $16 Bc8 25. Kd2 Rc7 26. Rc1 {[%emt 0:11:20] &Bianco is more active.} (26. h5 $16) 26... Rxc1 $14 27. Kxc1 {[%emt 0:00:02][%mdl 4096] Endgame KRB-KRN} Bb7 ({Better is} 27... h5 $14) 28. Kd2 (28. h5 $16) 28... f6 ({Black should play} 28... h5 $14) 29. Ra2 fxe5 30. fxe5 Rf8 31. Ke3 {[%emt 0:00:07] Against Rf2} Rf1 32. Rc2 $1 {[%emt 0:00:35] Hoping for Rc7+.} Kd7 {[%emt 0:00:00] [#] Inhibits Rc7+.} 33. Rf2 $1 Rxf2 34. Kxf2 $16 {[%emt 0:00:02] KB-KN} Bc8 35. Ke3 Ke7 36. Kd2 (36. b4 $16) 36... Kd7 $2 {[%emt 0:00:00] [#] A mistake that costs the game.} (36... Bd7 $11 {and Black has nothing to worry.}) 37. Kc3 $1 $18 {[%emt 0:00:33] Strongly threatening Kb4.} Kc7 (37... a5 $142 38. b4 axb4+ 39. Kxb4 Kc7) 38. Ne2 Bd7 39. Nf4 g6 40. g5 Kd8 $2 (40... a5 41. Ng2 Kd8) 41. Kd4 $2 (41. Kb4 Ke7 42. Ne2) 41... Ke7 $2 (41... a5 42. Kc5 Ke7) 42. Kc5 $2 (42. b4 Ba4 43. Kc5) 42... Bb5 $2 (42... a5 43. Ne2 a4) 43. b4 Kd7 44. Kd4 $2 (44. d4 {Kb6 is the strong threat.} Ke7 45. Kb6) 44... Ke7 $2 (44... Ba4 45. Ne2 Bd1) 45. Nh3 Kf7 46. Nf2 {[%emt 0:00:06] aiming for Kc5.} Kg7 47. Kc5 {[%emt 0:00:50] Threatens to win with d4.} Kf8 48. Kd6 (48. d4 $142 Ke7 49. Ng4) 48... Kf7 49. d4 Be2 50. Nh3 {[%emt 0:00:03] Nf4 would kill now.} Bg4 51. Nf4 {[%emt 0:00:04] White threatens Nd3 and mate.} Bf5 {[%emt 0:00:05] Inhibits Nd3.} 52. Ne2 (52. Kc7 $142 Ke7 53. Kb7) 52... Kg7 53. Nc3 {[%emt 0:00:12] White mates.} h6 54. Na4 hxg5 55. hxg5 Kf7 56. Nc5 Bg4 57. Nxa6 Be2 58. Nc7 {[%emt 0:00:07] Weighted Error Value: White=0.65/Black=0.52} 1-0